 Dungeon Crawl Stone Soup version 0.30.0-3-ga4e48a9924 (webtiles) character file.

Game seed: 15828740288707621863

469 jtron the Trooper (level 6, -6/53 HPs)
             Began as a Draconian Monk on May 7, 2023.
             Mangled by Edmund
             ... wielding a +2 dire flail of protection
              (8 damage)
             ... on level 4 of the Dungeon.
             The game lasted 00:11:18 (2409 turns).

jtron the Trooper (Draconian Monk)                  Turns: 2409, Time: 00:11:19

Health: -6/53      AC:  7    Str: 14    XL:     6   Next: 82%
Magic:  8/8        EV: 12    Int: 18    God:
Gold:   5          SH:  0    Dex: 13    Spells: 5/8 levels left

rFire   . . .        j - +3 dagger (speed)
rCold   . . .        e - orb {light}
rNeg    . . .        (body armour unavailable)
rPois   .            (helmet restricted)
rElec   .            l - +0 cloak
rCorr   .            (no gloves)
SInv    +            (no boots)
Will    .....        h - amulet of the acrobat
Stlth   +            g - +6 ring of intelligence
HPRegen 0.28/turn    v - ring of see invisible
MPRegen 0.11/turn

%: acrobat
@: attractive, glowing
A: AC +6, unfitting armour, cold-blooded
a: no special abilities


You were on level 4 of the Dungeon.
You visited 1 branch of the dungeon, and saw 4 of its levels.

You collected 135 gold pieces.
You spent 130 gold pieces at shops.

Inventory:

Hand Weapons
 a - a +4 quarterstaff of chaos
 b - a +0 sling of flaming
 j - a +3 dagger of speed (weapon)
 n - a +0 flail of holy wrath
Missiles
 i - 2 poisoned darts
 p - 22 stones
Armour
 e - an orb of light (worn)
 l - a +0 cloak (worn)
Jewellery
 g - a +6 ring of intelligence (left hand)
 h - an amulet of the acrobat (around neck)
 m - an amulet of magic regeneration
 q - a ring of protection from cold
 v - a ring of see invisible (right hand)
Scrolls
 o - a scroll of magic mapping
 u - a scroll of amnesia
Potions
 c - a potion of brilliance
 f - a potion of lignification
 k - a potion of ambrosia
 s - a potion of attraction


   Skills:
 + Level 4.3 Fighting
 + Level 3.7 Short Blades
 + Level 2.7 Ranged Weapons
 - Level 3.0 Dodging
 + Level 0.5 Stealth
 - Level 3.2 Unarmed Combat
 * Level 1.5 Spellcasting
 * Level 1.7 Translocations
 * Level 1.5 Air Magic
 + Level 0.2 Evocations


You had 5 spell levels left.
You knew the following spells:

 Your Spells              Type           Power      Damage    Failure   Level
a - Vhi's Electric Charg  Tloc/Air       14%        N/A       28%         3

Your spell library contained the following spells:

 Spells                   Type           Power      Damage    Failure   Level
 Tukima's Dance           Hex            1%         N/A       50%         3
 Passage of Golubria      Tloc           7%         N/A       67%         4
 Arcjolt                  Conj/Air       2%         1d12      98%         5
 Summon Forest            Summ/Tloc      2%         N/A       98%         5
 Yara's Violent Unravell  Hex/Tmut       0%         3d3       99%         5
 Eringya's Noxious Bog    Tmut/Pois      0%         N/A       100%        6
 Summon Hydra             Summ           0%         N/A       100%        7
 Maxwell's Capacitive Co  Air            3%         ∞         100%        8


Dungeon Overview and Level Annotations

Branches:
Dungeon (4/15)
 Temple: D:4-7

Altars:

Shops:
D:1 =   D:2 :   D:4 *

Annotations:
D:4 Edmund


Innate Abilities, Weirdness & Mutations

Your plain brown scales are hard. (AC +6)
You cannot fit into any form of body armour.
You are cold-blooded and may be slowed by cold attacks.


Message History

You hit Edmund.
Edmund is severely wounded.
You hit Edmund but do no damage.
Edmund is severely wounded.
Edmund barely misses you.
You hit Edmund but do no damage.
Edmund is severely wounded.
You hit Edmund but do no damage. You tail-slap Edmund, but do no damage.
Edmund is severely wounded.
Edmund hits you but does no damage.
You completely miss Edmund.
Edmund is severely wounded.
Edmund hits you with a +2 dire flail of protection.
You hit Edmund but do no damage.
Edmund is severely wounded.
You hit Edmund.
Edmund is severely wounded.
Edmund barely misses you.
You barely miss Edmund.
Edmund is severely wounded.
You hit Edmund but do no damage. You tail-slap Edmund.
Edmund is severely wounded.
Edmund misses you.
You hit Edmund but do no damage.
Your tail-slap misses Edmund.
Edmund is severely wounded.
You hit Edmund but do no damage.
Edmund is severely wounded.
Edmund barely misses you.
You barely miss Edmund.
Edmund is severely wounded.
You hit Edmund but do no damage.
Edmund is severely wounded.
Edmund hits you with a +2 dire flail of protection!
* * * LOW HITPOINT WARNING * * *
You hit Edmund.
Edmund is almost dead.
You hit Edmund.
Edmund is almost dead.
Edmund hits you with a +2 dire flail of protection!
You die...

.....o ...... ........
... . .. ..# #.#
#...#..
#......#########
.....#....))@@)#
.......#.######.####
.............###....#
.........##.#..#####..#
.........##Oo....# ..#
.........###.o$).### ##
.............$$....###
..............$)).)..#
................)#.).#


You could see Edmund.

Vanquished Creatures
  A sky beast (D:3)
  2 ogres
  Crazy Yiuf (D:2)
  3 orc wizards
  4 adders
  A dart slug (D:3)
  14 orcs
  5 endoplasms
  3 giant cockroaches
  5 goblins
  4 hobgoblins
  4 quokkas
  2 ball pythons
  4 bats
  2 frilled lizards (D:2)
  5 kobolds
  6 rats
66 creatures vanquished.

Vanquished Creatures (others)
  An orc (D:4)
1 creature vanquished.

Grand Total: 67 creatures vanquished

Notes
Turn   | Place    | Note
-------+----------+-------------------------------------------
     0 | D:1      | jtron the Draconian Monk began the quest for the Orb.
     0 | D:1      | Reached XP level 1. HP: 19/19 MP: 1/1
   240 | D:1      | Reached XP level 2. HP: 26/26 MP: 2/2
   308 | D:1      | Found Tyqaoh's Jewellery Emporium.
   701 | D:2      | Reached skill level 1 in Ranged Weapons
   716 | D:2      | Found a runed translucent door.
   717 | D:2      | Noticed Crazy Yiuf
   882 | D:2      | Reached XP level 3. HP: 33/33 MP: 3/3
  1108 | D:2      | Found Ylec's Book Boutique.
  1178 | D:2      | Killed Crazy Yiuf
  1179 | D:2      | Reached XP level 4. HP: 14/40 MP: 4/4
  1394 | D:3      | Reached skill level 1 in Short Blades
  1400 | D:3      | Learned a level 3 spell: Vhi's Electric Charge
  1411 | D:3      | Reached skill level 4 in Fighting
  1413 | D:3      | Found a faded altar of an unknown god.
  1617 | D:3      | Noticed an ogre
  1792 | D:3      | Reached XP level 5. HP: 46/46 MP: 5/5
  2028 | D:3      | Noticed a sky beast
  2048 | D:3      | Killed a sky beast
  2049 | D:3      | Reached skill level 1 in Translocations
  2220 | D:3      | Killed an ogre
  2221 | D:3      | Reached skill level 1 in Spellcasting
  2221 | D:3      | Reached skill level 1 in Air Magic
  2221 | D:3      | Reached XP level 6. HP: 52/52 MP: 7/7
  2274 | D:4      | Found Gerrac's Assorted Antiques.
  2283 | D:4      | Bought a pearl ring for 130 gold pieces
  2348 | D:4      | Noticed Edmund
  2407 | D:4      | HP: 2/53 [Edmund/+2 dire flail of protection (17)]
  2409 | D:4      | Mangled by Edmund

Illustrated notes

Levels and vault maps discovered:
D:1:      wander_arrival_estate, layout_loops_cross, serial_shops, shop,
          minmay_cupped
D:2:      layout_rooms, serial_shops, nicolae_lakefront_shop,
          uniq_crazy_yiuf_cottage
D:3:      layout_basic, hellmonk_ecumenical_altar_blasted,
          nicolae_figureground_pulse
D:4:      layout_rooms, nicolae_ossuary_entry_false_entrances, serial_shops,
          nicolae_shop_pleasant_corner_grove, shop, nicolae_shop_peninsula,
          shop, corexii_checkpoint_b, corexii_item_surrounded_by_moat,
          dreamdust_wishing_well, uniq_edmund

Skill      XL: |  1  2  3  4  5 |
---------------+----------------+-----
Ranged Weapons | 1 2 |  2.7
Dodging        | 3 |  3.0
Short Blades   | 1 3 |  3.7
Fighting       | 4 |  4.3
Translocations | 1 |  1.7
Spellcasting   | 1 |  1.5
Air Magic      | 1 |  1.5
Stealth        | |  0.5
Unarmed Combat | |  3.2
Evocations     | |  0.2

Action                     |  1- 3 |  4- 6 || total
---------------------------+-------+-------++-------
  Melee: Unarmed           |    12 |       ||    12
         Tailslap          |     3 |    29 ||    32
         Dagger            |    19 |   158 ||   177
   Fire: Sling             |    72 |       ||    72
  Throw: Stone             |       |     1 ||     1
  Evoke: Wand              |       |     5 ||     5
    Use: Potion            |     3 |     2 ||     5
         Scroll            |       |    11 ||    11
   Stab: Invisible         |       |     2 ||     2
 Armour: Skin              |    15 |    30 ||    45
  Dodge: Dodged            |    35 |   106 ||   141
